 Dungeon Crawl Stone Soup version 0.28.0-1-gb440e238dd (webtiles) character file.

Game seed: 2954797588578353702

137 a3don the Conjurer (level 5, -2/40 HPs)
             Began as a Draconian Conjurer on Feb 21, 2022.
             Splashed by a jelly's acid (6 damage)
             ... on level 6 of the Dungeon.
             The game lasted 00:05:33 (2570 turns).

a3don the Conjurer (Draconian Conjurer)             Turns: 2570, Time: 00:05:34

Health: -2/40      AC:  5    Str:  9    XL:     5   Next: 0%
Magic:  4/8        EV: 12    Int: 20    God:
Gold:   161        SH:  0    Dex: 13    Spells: 6/9 levels left

rFire   . . .      SeeInvis .   g - +5 dagger "Voukiereetz" {flame, Dex+3}
rCold   . . .      Faith    .   (no shield)
rNeg    . . .      Spirit   .   (armour unavailable)
rPois   .          Reflect  .   (helmet restricted)
rElec   .          Harm     .   (no cloak)
rCorr   .          Rampage  .   (no gloves)
Will    .....                   (no boots)
Stlth   ++........              (no amulet)
HPRegen 0.13/turn               (no ring)
MPRegen 0.11/turn               (no ring)

@: no status effects
A: AC +5, unfitting armour, cold-blooded
a: no special abilities


You were on level 6 of the Dungeon.
You visited 1 branch of the dungeon, and saw 4 of its levels.

You collected 161 gold pieces.

Inventory:

Hand Weapons
 a - a +0 dagger
 b - a +2 whip of electrocution
 g - the +5 dagger "Voukiereetz" (weapon) {flame, Dex+3}
   (You found it on level 2 of the Dungeon)

   It burns those it strikes, dealing additional fire damage.
   Dex:       It affects your dexterity (+3).
Missiles
 h - 6 boomerangs
Scrolls
 d - a scroll of fog {unknown}
 e - 5 scrolls of identify {unknown}
 i - a scroll of teleportation {unknown}
Potions
 c - a potion of mutation
 f - a potion of invisibility


   Skills:
 + Level 1.1 Fighting
 * Level 1.1 Short Blades
 - Level 0.3 Maces & Flails
 - Level 2.4 Dodging
 + Level 2.7 Stealth
 - Level 2.5 Spellcasting
 - Level 4.4 Conjurations
 * Level 1.0 Hexes
 * Level 0.4 Ice Magic


You had 6 spell levels left.
You knew the following spells:

 Your Spells              Type           Power      Damage    Failure   Level
a - Magic Dart            Conj           80%        1d7       2%          1
b - Ensorcelled Hibernat  Hex/Ice        10%        N/A       16%         2

Your spell library contained the following spells:

 Spells                   Type           Power      Damage    Failure   Level
 Searing Ray              Conj           40%        2d5       3%          2
 Dazzling Flash           Conj/Hex       26%        N/A       14%         3
 Spider Form              Tmut/Pois      2%         N/A       41%         3
 Fulminant Prism          Conj/Hex       6%         3d7       43%         4
 Iskenderun's Mystic Bla  Conj/Tloc      11%        2d4       52%         4
 Anguish                  Hex/Necr       2%         N/A       75%         4


Dungeon Overview and Level Annotations

Branches:
Dungeon (3/15)

Altars:


Innate Abilities, Weirdness & Mutations

Your plain brown scales are hard. (AC +5)
You cannot fit into any form of body armour.
You are cold-blooded and may be slowed by cold attacks.


Message History

Found 15 stones.
You are no longer corroded.
The jelly closely misses you.
Found a scroll labelled TONAEKH HAGARR.
Found a scroll labelled TONAEKH HAGARR.
The bullfrog zombie closely misses you.
The bullfrog zombie hits you but does no damage.
You barely miss the bullfrog zombie.
The bullfrog zombie is almost destroyed.
The bullfrog zombie completely misses you.
Casting: Magic Dart (safe; 2% risk of failure)
Confirm with . or Enter, or press ? or * to list all spells.
Aiming: Magic Dart (safe; 2% risk of failure)
Press: ? - help, Shift-Dir - straight line, f - bullfrog zombie
Aim: a bullfrog zombie (almost destroyed, 100% to hit)
The magic dart hits the bullfrog zombie.
You destroy the bullfrog zombie!
Your Fighting skill increases to level 1!
Your Short Blades skill increases to level 1!
Your Hexes skill increases to level 1!
You have reached level 5!
Casting: Magic Dart (safe; 2% risk of failure)
Confirm with . or Enter, or press ? or * to list all spells.
Aiming: Magic Dart (safe; 2% risk of failure)
Press: ? - help, Shift-Dir - straight line, f - jelly
Aim: a jelly (almost dead, 100% to hit)
The magic dart hits the jelly.
The jelly is almost dead.
The jelly hits you but does no damage.
Unknown command.
Casting: Magic Dart (safe; 2% risk of failure)
Confirm with . or Enter, or press ? or * to list all spells.
Aiming: Magic Dart (safe; 2% risk of failure)
Press: ? - help, Shift-Dir - straight line, f/p - jelly
Aim: a jelly (almost dead, 100% to hit)
The magic dart hits the jelly.
The jelly is almost dead.
The jelly hits you.
* * * LOW HITPOINT WARNING * * *
You are splashed with acid.
You die...

.........#........# ...
.........#...#....# .. $.
##..###.###..##..##......
#######.###..######.......
#........#.................
#........#.................
####.###.###..##..##........
.##..###.###..##..##........
..........#.....@J......(...
......#...#.................
......#...#.................
..#...#...##.###..##......?.
..##### ######..##........
#.# #.............. ###
#....#........?
##...##........
######........


You could see a jelly.

Vanquished Creatures
  A bullfrog zombie (D:6)
  4 adders (D:2)
  A shadow imp (D:6)
  An ufetubus (D:6)
  A worm (D:2)
  5 orcs (D:2)
  6 bats
  3 endoplasms (D:1)
  3 giant cockroaches
  2 goblins
  7 hobgoblins
  2 jackals (D:2)
  3 quokkas (D:1)
  4 ball pythons
  A frilled lizard (D:1)
  4 kobolds
  A rat (D:1)
49 creatures vanquished.

Notes
Turn   | Place    | Note
-------+----------+-------------------------------------------
     0 | D:1      | a3don the Draconian Conjurer began the quest for the Orb.
     0 | D:1      | Reached XP level 1. HP: 14/14 MP: 3/3
   201 | D:1      | Reached XP level 2. HP: 14/20 MP: 0/5
   328 | D:1      | Found a faded altar of an unknown god.
   938 | D:2      | Reached XP level 3. HP: 26/26 MP: 6/6
  1200 | D:2      | Identified the +5 dagger "Voukiereetz" {flame, Dex+3}
  1291 | D:2      | Reached XP level 4. HP: 24/34 MP: 7/7
  1983 | D:3      | You fall into a shaft and drop 3 floors!
  2037 | D:6      | Gained mutation: You occasionally shout uncontrollably at
                  | your foes. [potion of mutation]
  2037 | D:6      | Lost mutation: You occasionally shout uncontrollably at
                  | your foes. [potion of mutation]
  2041 | D:6      | HP: 1/34 [adder (4)]
  2460 | D:6      | Learned a level 2 spell: Ensorcelled Hibernation
  2568 | D:6      | Reached skill level 1 in Fighting
  2568 | D:6      | Reached skill level 1 in Short Blades
  2568 | D:6      | Reached skill level 1 in Hexes
  2568 | D:6      | Reached XP level 5. HP: 4/40 MP: 6/8
  2570 | D:6      | Splashed by a jelly's acid

Illustrated notes

Levels and vault maps discovered:
D:1:      zaba_arrival_water, layout_basic, ebering_ecumenical_altar_sacrificial
D:2:      layout_basic, hex_intersection, minmay_misc_feat_pillars
D:3:      layout_loops_ring, nicolae_uskayaw_murder_on_the_dancefloor,
          mainiacjoe_overflow_surrounded_room, minmay_diced_spiral
D:6:      layout_gridville

Skill      XL: |  1  2  3  4 |
---------------+-------------+-----
Stealth        | 2 |  2.7
Dodging        | 2 |  2.4
Fighting       | 1 |  1.1
Short Blades   | 1 |  1.1
Hexes          | 1 |  1.0
Maces & Flails | |  0.3
Spellcasting   | |  2.5
Conjurations   | |  4.4
Ice Magic      | |  0.4

Action                   |  1- 3 |  4- 6 || total
-------------------------+-------+-------++-------
Melee: Whip              |    66 |       ||    66
       Dagger            |    24 |    51 ||    75
       Tailslap          |    11 |     7 ||    18
       Punch             |     2 |       ||     2
 Cast: Magic Dart        |    26 |    12 ||    38
  Use: Potion            |       |     2 ||     2
 Stab: Sleeping          |     1 |       ||     1
Armor: Skin              |    44 |    28 ||    72
Dodge: Dodged            |    75 |    54 ||   129
